 Dungeon Crawl Stone Soup version 0.31.0-2-g5a2aebc5c2 (webtiles) character file.

Game seed: 11844932930598291302

4969 Aviak the Fighter (level 10, -1/145 HPs)
             Began as a Hill Orc Monk on Jan 20, 2024.
             Was an Initiate of Yredelemnul.
             Slain by a vampire mosquito (5 damage)
             ... on level 9 of the Dungeon.
             The game lasted 00:14:59 (8568 turns).

Aviak the Fighter (Hill Orc Monk)                   Turns: 8568, Time: 00:14:59

Health: -1/145     AC: 25    Str: 19    XL:     10   Next: 53%
Magic:  14/14      EV:  2    Int: 10    God:    Yredelemnul [......]
Gold:   145        SH:  0    Dex: 13    Spells: 9/9 levels left

rFire   . . .        j - +3 dagger of the Bruised Spines {chaos, rPois Will+}
rCold   . . .        d - orb {light}
rNeg    . . .        b - melded +1 ring mail {rC+}
rPois   +            a - melded +0 helmet {SInv}
rElec   .            x - melded +2 cloak
rCorr   .            n - melded +0 pair of gloves
SInv    +            (boots currently unavailable)
Will    +....        A - amulet of regeneration
Stlth   +            E - +5 ring of evasion
HPRegen 1.24/turn    Z - ring of see invisible
MPRegen 0.14/turn

%: no passive effects
@: tree-form, attractive, hasted, glowing, very quick
A: stationary, stasis, torment immunity, boosted hp
a: Renounce Religion, Recall Undead Harvest


You were on level 9 of the Dungeon.
You worshipped Yredelemnul.
Yredelemnul was noncommittal.
You were a tree.
You visited 2 branches of the dungeon, and saw 10 of its levels.

You collected 329 gold pieces.
You spent 184 gold pieces at shops.

Inventory:

Hand Weapons
 j - the +3 dagger of the Bruised Spines (weapon) {chaos, rPois Will+}
   (You found it on level 2 of the Dungeon)

   rPois:     It protects you from poison Will+: It increases your willpower.
Missiles
 z - a throwing net (quivered) {!f}
Armour
 a - a +0 helmet of see invisible (melded)
 b - a +1 ring mail of cold resistance (melded)
 d - an orb of light (worn)
 n - a +0 pair of gloves (melded)
 x - a +2 cloak (melded)
Jewellery
 A - an amulet of regeneration (around neck)
 E - a +5 ring of evasion (left branch)
 Z - a ring of see invisible (right branch)
Talismans
 C - a blade talisman
Wands
 v - a wand of iceblast (16)
 y - a wand of paralysis (10)
Scrolls
 h - 2 scrolls of poison
 i - 2 scrolls of identify
 m - 2 scrolls of enchant armour
 q - 2 scrolls of fog {unknown}
 r - 2 scrolls of immolation {unknown}
 s - 4 scrolls of brand weapon
 t - 5 scrolls of teleportation
 w - a scroll of revelation {unknown}
 B - 2 scrolls of enchant weapon {unknown}
 D - a scroll of blinking {unknown}
Potions
 f - 2 potions of haste
 g - a potion of invisibility
 k - a potion of mutation {!q}
 l - 2 potions of might
 o - a potion of brilliance {unknown}
 p - 2 potions of lignification {!q}
 u - 3 potions of attraction


   Skills:
 - Level 12.0 Fighting
 + Level 2.9 Short Blades
 - Level 4.6 Axes
 + Level 10.7 Armour
 - Level 3.0 Dodging
 + Level 6.3 Invocations


You had 9 spell levels left.
You didn't know any spells.
Your spell library contained the following spells:

 Spells                   Type           Power      Damage    Failure   Level
 Foxfire                  Conj/Fire      0%         2x1d4     36%         1
 Slow                     Hex            0%         N/A       36%         1
 Sting                    Conj/Alch      0%         1d3       36%         1
 Mercury Vapours          Alch/Air       0%         N/A       50%         2
 Confusing Touch          Hex            0%         N/A       75%         3
 Sigil of Binding         Hex            0%         N/A       75%         3
 Vampiric Draining        Necr           0%         2d6       75%         3
 Olgreb's Toxic Radiance  Alch           0%         N/A       98%         4
 Passage of Golubria      Tloc           0%         N/A       98%         4
 Silence                  Hex/Air        0%         N/A       100%        5
 Plasma Beam              Fire/Air       0%         2x1d10    100%        6
 Starburst                Conj/Fire      0%         6d3       100%        6
 Ozocubu's Refrigeration  Ice            0%         4d7       100%        7
 Discord                  Hex            0%         N/A       100%        8
 Lehudib's Crystal Spear  Conj/Erth      0%         10d2      100%        8
 Chain Lightning          Conj/Air       0%         N/A       100%        9
 Fire Storm               Conj/Fire      0%         5d1       100%        9
 Shatter                  Erth           0%         3d5*      100%        9


Dungeon Overview and Level Annotations

Branches:
Dungeon (9/15)             Temple (1/1) D:6            Lair (0/5) D:8
    Orc: D:9-12

Altars:
Ashenzari
Cheibriados
Dithmenos
Elyvilon
Fedhas
Gozag
Hepliaklqana
Kikubaaqudgha
Makhleb
Nemelex Xobeh
Okawaru
Qazlal
Ru
Sif Muna
Vehumet
Wu Jian
Xom
Yredelemnul
Zin
The Shining One
Ignis

Shops:
D:7 *


Message History

The vampire mosquito barely misses you.
The boulder beetle bites you but does no damage.
The vampire mosquito bites you but does no damage.
Unknown command.
You hit the boulder beetle but do no damage.
You drain the boulder beetle.
The boulder beetle is heavily wounded.
The vampire mosquito bites you but does no damage. x2
You hit the boulder beetle but do no damage.
The the dagger of the Bruised Spines hits the boulder beetle.
The boulder beetle is heavily wounded. x2
The vampire mosquito bites you but does no damage.
The vampire mosquito bites you!
* * * LOW HITPOINT WARNING * * *
The vampire mosquito draws strength from your injuries!
The boulder beetle bites you!
* * * LOW HITPOINT WARNING * * *
The vampire mosquito bites you but does no damage.
Unknown command.
You hit the boulder beetle but do no damage.
The the dagger of the Bruised Spines hits the boulder beetle.
The boulder beetle is heavily wounded. x2
The vampire mosquito bites you but does no damage. x2
The boulder beetle bites you but does no damage.
The vampire mosquito bites you but does no damage.
The vampire mosquito bites you.
* * * LOW HITPOINT WARNING * * *
The vampire mosquito draws strength from your injuries!
Unknown command.
You hit the boulder beetle but do no damage.
The the dagger of the Bruised Spines hits the boulder beetle.
The boulder beetle is heavily wounded. x2
The vampire mosquito bites you but does no damage.
You hit the boulder beetle but do no damage.
Lightning courses through the boulder beetle!!
The boulder beetle is severely wounded.
The vampire mosquito bites you but does no damage.
The vampire mosquito bites you.
You die...
Your body rises from the dead as a mindless zombie.

.##.#.#.#...
.#((.#(.#....#
.##(#(#(#.....
k##(.(##....
########....
..........##+#
.'...........###########
.#........?....By.......
.#.$...........y♣....>..
########################
## .# .# .# ## #### ...#


You could see a boulder beetle (drained) and 2 vampire mosquitoes.

Vanquished Creatures
  Maurice (D:7)
  Joseph (D:8)
  Maggie (D:6)
  Grinder (D:5)
  Sigmund (D:3)
  2 steam dragons
  A wyvern (D:8)
  Eustachio (D:5)
  2 vampire mosquitoes (D:9)
  Menkaure (D:6)
  A water moccasin (D:7)
  A black bear (D:6)
  An orc warrior (D:4)
  An ice beast (D:6)
  3 sky beasts
  A wolf (D:7)
  A centaur (D:6)
  3 phantoms (D:4)
  2 kobold brigands
  A bullfrog (D:8)
  3 scorpions
  4 wights (D:9)
  2 killer bees (D:8)
  A bombardier beetle (D:3)
  4 hounds (D:5)
  3 orc priests
  2 iguanas (D:5)
  Robin (D:3)
  9 adders
  17 gnolls
  A shadow imp (D:7)
  A white imp (D:7)
  An ufetubus (D:7)
  3 dart slugs
  30 orcs
  10 ball pythons
  10 endoplasms
  A giant cockroach (D:1)
  15 goblins
  14 hobgoblins
  2 jackals (D:5)
  4 quokkas
  3 bats
  3 frilled lizards
  11 kobolds
  3 rats
185 creatures vanquished.

Vanquished Creatures (collateral kills)
  A sky beast (D:8)
  A bullfrog (D:7)
  A killer bee (D:8)
  A gnoll bouda (D:7)
  An orc wizard (D:8)
  An ice beast zombie (D:6)
  3 gnolls
  An ufetubus (D:7)
  2 orcs (D:8)
  2 gnoll zombies
  A kobold (D:6)
15 creatures vanquished.

Vanquished Creatures (others)
  A gnoll sergeant (D:7)
  A spectral white imp (D:7)
  A bombardier beetle zombie (Temple)
  A gnoll zombie (D:6)
  An orc zombie (D:8)
  2 spectral ufetubi (D:7)
7 creatures vanquished.

Grand Total: 207 creatures vanquished

Notes
Turn   | Place    | Note
-------+----------+-------------------------------------------
     0 | D:1      | Aviak the Hill Orc Monk began the quest for the Orb.
     0 | D:1      | Reached XP level 1. HP: 19/19 MP: 1/1
   270 | D:1      | Reached XP level 2. HP: 27/27 MP: 2/2
   336 | D:1      | Reached skill level 4 in Fighting
   635 | D:1      | Reached XP level 3. HP: 33/33 MP: 3/3
  1000 | D:2      | Identified the +3 dagger of the Bruised Spines {chaos,
                  | rPois Will+}
  1045 | D:2      | Found a shimmering altar of Xom.
  1071 | D:2      | Reached skill level 1 in Armour
  1197 | D:2      | Reached XP level 4. HP: 39/41 MP: 4/4
  1774 | D:3      | Reached XP level 5. HP: 44/47 MP: 5/5
  1796 | D:3      | Reached skill level 5 in Fighting
  1961 | D:3      | Found an ornate altar of the Wu Jian Council.
  1981 | D:3      | Noticed Robin
  1991 | D:3      | Killed Robin
  2109 | D:3      | Found a shadowy altar of Dithmenos.
  2165 | D:3      | Found a white marble altar of Elyvilon.
  2229 | D:3      | Noticed Sigmund
  2240 | D:3      | Killed Sigmund
  2241 | D:3      | Reached skill level 6 in Fighting
  2241 | D:3      | Reached XP level 6. HP: 29/57 MP: 6/6
  2431 | D:3      | Noticed a spectral centipede
  2431 | D:3      | Noticed a spectral black mamba
  2431 | D:3      | Noticed a spectral cane toad
  2733 | D:4      | Reached XP level 7. HP: 64/64 MP: 7/7
  2900 | D:4      | Reached skill level 7 in Fighting
  2900 | D:4      | Reached skill level 5 in Armour
  2910 | D:4      | Found a glowing silver altar of Zin.
  2910 | D:4      | Found a sparkling altar of Nemelex Xobeh.
  3027 | D:4      | Reached skill level 8 in Fighting
  3348 | D:4      | Reached XP level 8. HP: 74/74 MP: 8/8
  3499 | D:5      | Entered Level 5 of the Dungeon
  3569 | D:5      | Noticed Grinder
  3585 | D:5      | Killed Grinder
  3834 | D:5      | Noticed Eustachio
  3852 | D:5      | Killed Eustachio
  3853 | D:5      | Reached skill level 9 in Fighting
  4871 | D:6      | Reached XP level 9. HP: 85/85 MP: 9/9
  4910 | D:6      | Noticed Menkaure
  4949 | D:6      | Killed Menkaure
  4950 | D:6      | Reached skill level 10 in Fighting
  5262 | D:6      | Found a staircase to the Ecumenical Temple.
  5282 | Temple   | Entered the Ecumenical Temple
  5295 | Temple   | Became a worshipper of Yredelemnul the Dark
  5295 | Temple   | Reached * piety under Yredelemnul
  5295 | Temple   | Reached ** piety under Yredelemnul
  5439 | D:6      | Noticed Maggie
  5463 | D:6      | Killed Maggie
  5767 | D:6      | Reached skill level 11 in Fighting
  5767 | D:6      | Reached skill level 1 in Invocations
  6599 | D:7      | Noticed Maurice
  6605 | D:7      | Maurice stole a throwing net {!f}
  6617 | D:7      | Maurice stole a blade talisman
  6620 | D:7      | Maurice stole 261 gold
  6630 | D:7      | Killed Maurice
  6905 | D:7      | Found Liploil's General Store.
  6931 | D:7      | Bought a +0 helmet of see invisible for 184 gold pieces
  6968 | D:7      | Found a burning altar of Makhleb.
  7161 | D:7      | Reached skill level 10 in Armour
  7161 | D:7      | Reached XP level 10. HP: 92/97 MP: 13/13
  7185 | D:7      | Found a snail-covered altar of Cheibriados.
  7186 | D:7      | Found a broken altar of Ashenzari.
  7397 | D:8      | Found a staircase to the Lair.
  7553 | D:7      | Reached skill level 5 in Invocations
  7754 | D:8      | Reached skill level 1 in Short Blades
  7914 | D:8      | Noticed Joseph
  7935 | D:8      | Killed Joseph
  7936 | D:8      | Reached skill level 12 in Fighting
  8477 | D:9      | Noticed a +0 dagger
  8480 | D:9      | Noticed a +0 short sword
  8480 | D:9      | Noticed a +0 dagger
  8485 | D:9      | Noticed a +0 short sword
  8486 | D:9      | Noticed a +0 falchion
  8489 | D:9      | Noticed a +0 spear
  8490 | D:9      | Noticed a +0 falchion
  8492 | D:9      | Noticed a +0 spear
  8497 | D:9      | Noticed a boulder beetle
  8538 | D:9      | HP: 5/145 [boulder beetle (13)]
  8539 | D:9      | HP: 1/145 [vampire mosquito (6)]
  8548 | D:9      | HP: 7/145 [boulder beetle (7)]
  8565 | D:9      | HP: 6/145 [boulder beetle (11)]
  8568 | D:9      | Slain by a vampire mosquito

Illustrated notes

Levels and vault maps discovered:
D:1:      lemuel_arrival_behind_the_door_large, layout_basic,
          minmay_misc_feat_ornament
D:2:      layout_loops_ring, basic_altar, minmay_distorted
D:3:      layout_basic, pdpol_wu_jian_five_deadly_venoms, lemuel_crystal_altar,
          nicolae_dithmenos_the_darkroom, uniq_sigmund, uniq_robin
D:4:      layout_cave_pools, nicolae_overflow_two_pavilions,
          grunt_decor_one_mirror, grunt_ministairs_9, minivault_19,
          kennysheep_minor_cross, minmay_strange_pillars, grunt_tough_drop
D:5:      layout_basic, amcnicky_mini_pool_small, uniq_grinder, uniq_eustachio
D:6:      layout_layer_cave, minmay_temple_entry_drinking_statues,
          uniq_menkaure, uniq_maggie
D:7:      layout_loops_ring, overflow_temple_1_default,
          gammafunk_temple_overflow_pools, kennysheep_decorative_pillar,
          nicolae_stop_n_shop_2, uniq_maurice
D:8:      layout_gridville, lair_entry_dummy, uniq_joseph
D:9:      layout_gridville, nicolae_uskayaw_en_pointe, nicolae_sextant,
          nzn_sisyphean_effort, uniq_grum, uniq_jeremiah
Temple:   ebering_untended_altars

Skill      XL: |  1  2  3  4  5  6  7  8  9 10 |
---------------+-------------------------------+-----
Fighting       | 4 6 8 9 11 12 | 12.0
Armour         | 1 2 4 6 8 10 | 10.7
Dodging        | 3 |  3.0
Invocations    | 4 6 |  6.3
Short Blades   | 2 |  2.9
Axes           | |  4.6

Action                     |  1- 3 |  4- 6 |  7- 9 | 10-12 || total
---------------------------+-------+-------+-------+-------++-------
  Melee: Hand axe          |    53 |       |       |       ||    53
         Dagger            |    21 |   191 |   456 |   216 ||   884
  Evoke: Wand              |       |       |       |     1 ||     1
    Use: Potion            |     1 |       |       |     5 ||     6
         Scroll            |       |       |    10 |       ||    10
   Stab: Petrifying        |     1 |       |     2 |     3 ||     6
         Confused          |       |       |     3 |       ||     3
         Distracted        |       |       |     2 |     1 ||     3
         Paralysed         |       |       |     1 |     2 ||     3
         Petrified         |       |       |       |    12 ||    12
 Armour: Robe              |    23 |       |       |       ||    23
         Ring mail         |    28 |    76 |   234 |   132 ||   470
         Skin              |       |       |       |   104 ||   104
  Dodge: Dodged            |    40 |   114 |   391 |   240 ||   785
